 Dungeon Crawl Stone Soup version 0.30.1-4-g462c640d31 (webtiles) character file.

Game seed: 3799460578201247961

108 Zeor the Ducker (level 4, -1/26 HPs)
             Began as a Deep Elf Gladiator on Aug 21, 2023.
             Slain by a gnoll
             ... wielding a +0 whip
              (3 damage)
             ... on level 3 of the Dungeon.
             The game lasted 00:04:17 (2464 turns).

Zeor the Ducker (Deep Elf Gladiator)                Turns: 2464, Time: 00:04:17

Health: -1/26      AC:  4    Str: 11    XL:     4   Next: 58%
Magic:  9/9        EV: 13    Int: 15    God:
Gold:   81         SH:  0    Dex: 16    Spells: 7/7 levels left

rFire   . . .        a - +0 rapier
rCold   . . .        (no shield)
rNeg    . . .        b - +0 leather armour
rPois   .            c - +0 helmet
rElec   .            (no cloak)
rCorr   .            (no gloves)
SInv    .            (no boots)
Will    .....        (no amulet)
Stlth   +            (no ring)
HPRegen 0.24/turn    (no ring)
MPRegen 0.11/turn

%: no passive effects
@: no status effects
A: no striking features
a: no special abilities


You were on level 3 of the Dungeon.
You visited 1 branch of the dungeon, and saw 3 of its levels.

You collected 81 gold pieces.

Inventory:

Hand Weapons
 a - a +0 rapier (weapon)
Missiles
 d - 5 throwing nets (quivered)
 e - a javelin
Armour
 b - a +0 leather armour (worn)
 c - a +0 helmet (worn)
Wands
 l - a wand of digging (6)
 m - a wand of flame (15)
Scrolls
 k - a scroll of immolation
 n - 2 scrolls of poison
Potions
 f - a potion of magic
 g - 2 potions of brilliance
 h - 5 potions of curing
 i - a potion of might
 j - a potion of resistance {unknown}


   Skills:
 + Level 1.9 Fighting
 + Level 4.1 Short Blades
 + Level 2.0 Throwing
 + Level 0.8 Armour
 + Level 4.3 Dodging
 + Level 0.7 Stealth
 * Level 2.1 Spellcasting


You had 7 spell levels left.
You didn't know any spells.
Your spell library was empty.

Dungeon Overview and Level Annotations

Branches:
Dungeon (3/15)

Altars:


Message History

You hit the gnoll.
The gnoll is severely wounded.
The gnoll hits you with a +0 flail!
You hit the gnoll.
The gnoll is almost dead.
The gnoll misses you.
You completely miss the gnoll.
The gnoll is almost dead.
The gnoll closely misses you.
You hit the gnoll.
You kill the gnoll!
You hit the gnoll but do no damage. The gnoll barely misses you.
You closely miss the gnoll. The gnoll hits you with a +0 whip.
You hit the gnoll.
The gnoll is moderately wounded.
The gnoll hits you with a +0 whip.
You are too injured to fight recklessly!
You are too injured to fight recklessly!
You hit the gnoll.
The gnoll is severely wounded.
The gnoll barely misses you.
You hit the gnoll but do no damage.
The gnoll is severely wounded.
The gnoll hits you with a +0 whip.
You barely miss the gnoll.
The gnoll is severely wounded.
The gnoll hits you with a +0 whip.
* * * LOW HITPOINT WARNING * * *
You feel better. The gnoll barely misses you.
You barely miss the gnoll.
The gnoll is severely wounded.
The gnoll hits you with a +0 whip!
* * * LOW HITPOINT WARNING * * *
You hit the gnoll.
The gnoll is almost dead.
The gnoll barely misses you.
You hit the gnoll.
The gnoll is almost dead.
The gnoll hits you with a +0 whip.
You die... ▒∙∙∙∙▒ ▒ ▒∙∙∙∙▒ ∙∙ ▒▒▒▒∙∙∙∙▒∙▒ ▒▒▒ ∙∙∙∙∙∙∙∙∙

∙∙> ▒∙∙∙∙▒▒▒▒▒ ▒∙▒▒▒
▒∙∙∙∙∙∙∙∙∙ ▒∙∙∙▒▒▒▒ ▒∙▒▒▒▒▒▒▒▒
▒∙▒∙∙∙∙▒ ▒g▒ ▒▒▒▒▒▒▒ ▒∙▒∙▒▒∙▒▒
▒e▒▒▒▒▒ ▒∙∙∙∙∙▒
▒∙∙†▒▒∙∙▒▒▒▒▒∙∙∙∙∙▒▒▒▒▒▒∙∙∙∙∙▒
▒▒∙∙▒▒▒∙∙∙∙∙∙∙∙∙∙∙∙∙∙∙∙∙∙∙∙∙∙∙
▒∙∙∙▒▒▒▒▒▒▒▒▒▒▒▒∙▒▒▒▒▒▒∙∙∙∙∙▒
▒▒∙∙∙▒▒▒▒▒▒▒ ▒ ▒∙∙∙∙∙▒
▒∙▒∙∙▒▒∙∙∙ ▒∙∙∙∙∙▒ ▒∙▒▒∙▒▒∙▒
▒∙∙∙∙∙▒ ▒∙∙∙∙∙∙∙▒▒ ▒▒▒▒∙∙∙∙∙▒
▒▒▒▒▒∙▒∙∙▒ ▒∙∙∙∙∙∙∙∙▒


You could see a gnoll.

Vanquished Creatures
  Terence (D:3)
  A gnoll (D:3)
  2 adders (D:2)
  A worm (D:2)
  3 dart slugs
  2 endoplasms (D:1)
  2 giant cockroaches
  3 goblins
  7 hobgoblins
  3 jackals (D:2)
  3 quokkas
  4 ball pythons
  3 bats
  3 frilled lizards
  4 kobolds
  2 rats (D:2)
44 creatures vanquished.

Notes
Turn   | Place    | Note
-------+----------+-------------------------------------------
     0 | D:1      | Zeor the Deep Elf Gladiator began the quest for the Orb.
     0 | D:1      | Reached XP level 1. HP: 12/12 MP: 3/3
   234 | D:1      | Reached XP level 2. HP: 15/16 MP: 4/4
   981 | D:2      | Reached skill level 1 in Spellcasting
   981 | D:2      | Reached XP level 3. HP: 18/20 MP: 4/7
  1620 | D:2      | Reached XP level 4. HP: 21/26 MP: 8/8
  2092 | D:3      | Noticed Terence
  2103 | D:3      | Killed Terence
  2464 | D:3      | Slain by a gnoll

Illustrated notes

Levels and vault maps discovered:
D:1:      dpeg_arrival_another_circle, layout_basic,
          chequers_serial_rivers_micro_a, nicolae_figureground_pulse
D:2:      layout_basic
D:3:      kennysheep_the_goblin_king, layout_basic, nzn_hepliaklqana_mist_gate,
          serial_shops, nicolae_shop_scrapyard, nicolae_shop_hallway_stairs,
          nicolae_shop_behind_doors, uniq_terence

Skill      XL: |  1  2  3  4 |
---------------+-------------+-----
Dodging        | 4 |  4.3
Spellcasting   | 1 2 |  2.1
Short Blades   | 4 |  4.1
Fighting       | |  1.9
Throwing       | |  2.0
Armour         | |  0.8
Stealth        | |  0.7

Action                     |  1- 3 |  4- 6 || total
---------------------------+-------+-------++-------
  Melee: Rapier            |   116 |    26 ||   142
         Punch             |     1 |     1 ||     2
  Evoke: Wand              |       |     1 ||     1
    Use: Scroll            |     4 |     2 ||     6
         Potion            |       |     2 ||     2
   Stab: Sleeping          |     2 |       ||     2
 Armour: Leather armour    |    18 |     3 ||    21
  Dodge: Dodged            |    59 |    15 ||    74
